 Dungeon Crawl Stone Soup version 0.32-a0-612-g1c984fe9d1 (webtiles) character file.

Game seed: 6743914282158462248

1262 Implojin the Basher (level 8, -5/94 HPs)
             Began as a Mountain Dwarf Monk on Mar 4, 2024.
             Was a Priest of Beogh.
             Slain by Worak the orc apostle
             ... wielding a +4 war axe of flaming
              (13 damage)
             ... on level 6 of the Dungeon.
             The game lasted 00:14:39 (5176 turns).

Implojin the Basher (Mountain Dwarf Monk)           Turns: 5176, Time: 00:14:39

Health: -5/94      AC: 24    Str: 19    XL:     8   Next: 27%
Magic:  12/12      EV:  2    Int: 11    God:    Beogh [***...]
Gold:   255        SH:  0    Dex: 12    Spells: 7/7 levels left

rFire   + + .        b - +2 flail (heavy)
rCold   . . .        d - orb {light}
rNeg    . . .        t - melded +0 plate armour
rPois   +            (helmet currently unavailable)
rElec   .            i - melded scarf {shadows}
rCorr   .            x - melded +0 pair of gloves
SInv    .            s - melded +0 pair of boots
Will    .....        r - amulet of Nawe Tafisua {Faith *Corrode rF++ Str+3}
Stlth   +            (no ring)
HPRegen 0.35/turn    (no ring)
MPRegen 0.13/turn

%: random rage (3%), corrode self (3%), faith
@: confused, tree-form (expiring), ambrosia-drunk, attractive, hasted, glowing,
very quick
A: stationary, stasis, torment immunity, boosted hp, runic magic, artefact
enchanting, (iridescent scales 1), berserk 1
a: Renounce Religion, Smiting


You were on level 6 of the Dungeon.
You worshipped Beogh.
Beogh was most pleased with you.
You were a tree.
You visited 1 branch of the dungeon, and saw 6 of its levels.
You also visited: Ossuary.

You collected 358 gold pieces.
You spent 103 gold pieces at shops.

Inventory:

Hand Weapons
 b - a +2 heavy flail (weapon)
Missiles
 g - 47 stones
 l - 4 boomerangs
 u - 3 poisoned darts (quivered)
Armour
 d - an orb of light (worn)
 i - a scarf of shadows (melded)
 s - a +0 pair of boots (melded)
 t - a +0 plate armour (melded)
 x - a +0 pair of gloves (melded)
 B - the +1 robe of the Sky {Will+}
   (You took it off Eustachio on level 3 of the Dungeon)

   Will+:     It increases your willpower.
Jewellery
 r - the amulet of Nawe Tafisua (around neck) {Faith *Corrode rF++ Str+3}
   (You found it on level 6 of the Dungeon)

   [amulet of faith]

   Faith:     It allows you to gain divine favour quickly.
   Str+3:     It affects your strength (+3).
   rF++:      It greatly protects you from fire.
   *Corrode:  It may corrode you when you take damage.
Scrolls
 e - 2 scrolls of blinking {unknown}
 f - 3 scrolls of enchant weapon
 j - a scroll of acquirement {unknown}
 k - a scroll of brand weapon {unknown}
 m - 2 scrolls of revelation
 n - 2 scrolls of poison
 w - a scroll of fog
 y - a scroll of immolation
 E - 3 scrolls of fear {unknown}
Potions
 a - a potion of cancellation
 z - a potion of mutation
 C - a potion of curing {unknown}
 D - a potion of berserk rage {unknown}
 G - a potion of might {unknown}


   Skills:
 - Level 3.2 Fighting
 - Level 10.1 Maces & Flails
 * Level 4.0 Armour
 - Level 2.1 Dodging
 - Level 6.0 Invocations


You had 7 spell levels left.
You didn't know any spells.
Your spell library contained the following spells:

 Spells                   Type           Power      Damage    Failure   Level
 Anguish                  Hex/Necr       0%         N/A       98%         4
 Cause Fear               Hex            0%         N/A       98%         4
 Enfeeble                 Hex            0%         N/A       100%        7


Dungeon Overview and Level Annotations

Branches:
Dungeon (6/15)             Temple (0/1) D:6         Ossuary (visited)

Altars:
Cheibriados
Makhleb
Yredelemnul

Shops:
D:2 [   D:3 (*=   D:5 (

Annotations:
D:6 1 transporter


Innate Abilities, Weirdness & Mutations

You are a tree.
Your roots penetrate the ground, keeping you stationary.
You cannot be teleported.
You are immune to unholy pain and torment.
Your maximum health is greatly increased.
Your equipment is partially melded.
Your facial features look somewhat orcish.
Your spellcasting is much less encumbered by armour.
You can use scrolls of enchantment on lesser artefacts.
((You are partially covered in iridescent scales. (AC +2)))
You sometimes lose your temper in combat.


Message History

Anything else - Cancel.
Gang up on whom?
Press: ? - help, Dir - move target, f - Worak
Aim: Worak the orc apostle, wielding a +4 war axe of flaming and wearing a +4 ring mail (poisoned, ally target, empowered by the touch of Beogh, haloed) Attack!
Worak looks more healthy.
Worak hits your ice beast with a +4 war axe of flaming!!
Worak melts your ice beast.
Your ice beast dies!
Your ice beast dissolves into shadows!
Your orc looks friendly.
Worak calls down the wrath of Beogh upon you.
Beogh smites you!
Danger: Low HP Warning |T3| Reason: 15% HP (15/94)
You are confused.
You feel invigorated.
Your transformation is almost over.
Worak calls down the wrath of Beogh upon you.
Beogh smites you!
Danger: Low HP Warning |T3| Reason: 7% HP (7/94) It was a potion of enlightenment.
Your roots keep you in place.
Worak mumbles some strange prayers to Beogh against you.
Beogh smites you!
Danger: Low HP Warning |T3| Reason: 2% HP (2/94) It was a potion of attraction.
You feel attractive to monsters.
Unknown command.
You are too confused!
You cannot move. (Use ctrl+direction or * direction to attack while stationary and confused.) Are you sure you want to swing wildly while confused and next to your sleepcap?
You barely miss Worak.
Worak invokes the aid of Beogh against you.
Beogh smites you!
Worak drops twin branches and they both wriggle to life!
Danger: Low HP Warning |T3| Reason: 3% HP (3/94) It was a potion of haste.
You feel yourself speed up.
Your enlightenment fades.
The water moccasin turns back into a lifeless stick!
Worak hits you with a +4 war axe of flaming!
You die...
Beogh appreciates Worak's killing of a heretic priest.

#####
....################
###.........ooof♣oS#
.##..#############.#
..#..## #.# ©.....#
#S# #####.#######
#.# ©$Pß#.......#
#.# .=.~#.#####.#
###(# +####.# #.#
#...# ..≈K#.# #.#
#.###


You could see Worak the orc apostle (ally target, divinely empowered), a water
moccasin (summoned), a friendly orc warrior (summoned), a friendly sleepcap
(summoned) and 2 friendly orcs.

Vanquished Creatures
  Eustachio (D:3)
  Menkaure (D:4)
  2 ogres (D:5)
  A weeping skull (D:5)
  A scorpion (D:5)
  4 water moccasin zombies (Ossuary)
  A burial acolyte (Ossuary)
  A hound (D:5)
  A jelly (D:6)
  A spectral scorpion (Ossuary)
  An orc priest (D:4)
  2 iguanas
  2 crocodile zombies (Ossuary)
  2 mummies (Ossuary)
  6 adders
  6 gnolls
  4 ufetubi (D:5)
  4 adder zombies (Ossuary)
  2 dart slugs
  2 orcs (D:5)
  4 endoplasms (D:2)
  3 giant cockroaches
  9 gnoll zombies (Ossuary)
  8 goblins
  6 hobgoblins
  3 jackals (D:1)
  9 ball pythons
  2 bats
  4 frilled lizards
  A jackal zombie (Ossuary)
  4 kobolds
  6 orc zombies (Ossuary)
  5 rats
  A spectral orc (D:5)
110 creatures vanquished.

Notes
Turn   | Place    | Note
-------+----------+-------------------------------------------
     0 | D:1      | Implojin the Mountain Dwarf Monk began the quest for the
                  | Orb.
     0 | D:1      | Reached XP level 1. HP: 19/19 MP: 1/1
   338 | D:1      | Reached skill level 4 in Maces & Flails
   424 | D:1      | Reached XP level 2. HP: 21/26 MP: 2/2
   941 | D:2      | Reached skill level 5 in Maces & Flails
  1136 | D:2      | Reached XP level 3. HP: 31/31 MP: 3/3
  1182 | D:2      | Found a basalt altar of Yredelemnul.
  1560 | D:2      | Found Erchetratt's Antique Armour Emporium.
  2029 | D:3      | Found Rysesul's Weapon Shoppe.
  2044 | D:3      | Reached skill level 6 in Maces & Flails
  2044 | D:3      | Reached XP level 4. HP: 23/38 MP: 4/4
  2231 | D:3      | Found Gunkuki's One-of-a-Kind Rings.
  2322 | D:3      | Found Las Ran's General Store.
  2415 | D:2      | Bought a pair of boots for 103 gold pieces
  2697 | D:4      | Identified the +1 dagger "Omoemo" {venom, Str-2 Dex+6 SInv
                  | Stlth+}
  2705 | D:4      | Noticed Menkaure
  2708 | D:4      | Killed Menkaure
  2709 | D:4      | Reached skill level 7 in Maces & Flails
  2709 | D:4      | Reached XP level 5. HP: 44/45 MP: 5/5
  2739 | D:4      | Noticed Eustachio
  3088 | D:4      | Reached skill level 8 in Maces & Flails
  3099 | D:4      | Identified the +1 robe of the Sky {Will+}
  3151 | D:3      | Killed Eustachio
  3152 | D:3      | Reached XP level 6. HP: 36/51 MP: 6/6
  3284 | D:4      | Reached skill level 9 in Maces & Flails
  3295 | D:4      | Became a worshipper of Beogh the Shepherd
  3295 | D:4      | Reached * piety under Beogh
  3295 | D:4      | Reached ** piety under Beogh
  3603 | D:5      | Entered Level 5 of the Dungeon
  3978 | D:5      | Reached XP level 7. HP: 35/57 MP: 7/7
  4091 | D:5      | Reached skill level 10 in Maces & Flails
  4426 | D:5      | Found a snail-covered altar of Cheibriados.
  4613 | D:5      | Found a basalt altar of Yredelemnul.
  4688 | D:5      | Found a burning altar of Makhleb.
  4688 | D:5      | Noticed an Executioner
  4733 | D:5      | Found Biteufi's Weapon Boutique.
  4816 | D:6      | Found a transporter.
  4834 | D:6      | Identified the amulet of Nawe Tafisua {Faith *Corrode rF++
                  | Str+3}
  4843 | D:6      | Noticed a kobold demonologist
  4855 | D:6      | Found a sand-covered staircase.
  4870 | Ossuary  | Entered an ossuary
  4876 | Ossuary  | Reached skill level 5 in Invocations
  4902 | Ossuary  | Reached skill level 1 in Armour
  4902 | Ossuary  | Reached XP level 8. HP: 62/63 MP: 12/12
  4922 | Ossuary  | Reached *** piety under Beogh
  5108 | D:6      | Noticed Worak
  5152 | D:6      | Gained mutation: You sometimes lose your temper in combat.
                  | [potion of mutation]
  5152 | D:6      | Gained mutation: You are partially covered in iridescent
                  | scales. (AC +2) [potion of mutation]
  5173 | D:6      | HP: 2/94 [Worak the orc apostle/divine providence (10)]
  5176 | D:6      | Slain by Worak the orc apostle

Illustrated notes

Levels and vault maps discovered:
D:1:      shiori_arrival_oz, layout_basic, minmay_pentomino_x4
D:2:      layout_loops_ring, serial_shops, nicolae_shop_back_alley_shop,
          basic_altar
D:3:      layout_basic, serial_shops, shop, shop, nicolae_shop_unique_rings
D:4:      cheibrodos_greedy_goblins, layout_basic, uniq_eustachio, uniq_menkaure
D:5:      layout_loops_ring, mainiacjoe_overflow_alcove_2,
          makhleb_altar_promises_db, yredelemnul_forgotten_temple_becter,
          serial_shops, nicolae_shop_bloodbath_and_beyond,
          grunt_decor_mini_mirrors
D:6:      gammafunk_wand_slinger, layout_loops_ring, nicolae_vehumet_radiance,
          temple_pool_b, lightli_ossuary_entry_decrepit_ruins,
          uniq_prince_ribbit1, uniq_duvessa, uniq_jeremiah

Skill      XL: |  1  2  3  4  5  6  7  8 |
---------------+-------------------------+-----
Maces & Flails | 4 5 6 7 8 9 10 | 10.1
Invocations    | 6 |  6.0
Armour         | 1 4 |  4.0
Fighting       | |  3.2
Dodging        | |  2.1

Action                     |  1- 3 |  4- 6 |  7- 9 || total
---------------------------+-------+-------+-------++-------
  Melee: Mace              |    74 |       |       ||    74
         Flail             |    12 |    85 |   122 ||   219
  Throw: Boomerang         |     7 |    20 |     2 ||    29
         Dart              |       |     4 |     9 ||    13
 Invoke: Convert to Beogh  |       |     1 |       ||     1
  Evoke: Wand              |       |       |     1 ||     1
    Use: Scroll            |       |     8 |     6 ||    14
         Potion            |       |       |     9 ||     9
 Armour: Robe              |    37 |       |       ||    37
         Chain mail        |    59 |     5 |       ||    64
         Plate armour      |       |   148 |   114 ||   262
         Skin              |       |       |     1 ||     1
  Dodge: Dodged            |    49 |    33 |    22 ||   104

Table legend: (Time is in decaauts)
 A = Elapsed time spent in this place.
 B = Non-inter-level travel time spent in this place.
 C = Inter-level travel time spent in this place.
 D = Time resting spent in this place.
 E = Time spent auto-exploring this place.
 F = Levels seen in this place.
 G = Mean time per level.
                   A        B        C        D        E       F      G
               +--------+--------+--------+--------+--------+-----+--------+
         Total |   5294 |   4903 |    391 |    237 |   3195 |   7 |  756.3 |
       Dungeon |   5047 |   4656 |    391 |    199 |   3195 |   6 |  841.2 |
       Ossuary |    247 |    247 |      0 |     38 |      0 |   1 |  247.0 |
               +--------+--------+--------+--------+--------+-----+--------+

Top non-repeatable levels by time:
     D:5: 1212 daAuts
     D:1: 1061 daAuts
     D:2: 1028 daAuts
     D:4: 838 daAuts
     D:3: 741 daAuts
 Ossuary: 247 daAuts
     D:6: 164 daAuts
